Map: Blackrock LE

Players

Coil - Winner!

  • Race: Zerg Zerg
  • Spawn Location: 7:00

A.I. 1 (Very Easy)

  • Race: Protoss Protoss
  • Spawn Location: 1:00

VOD

Have the link to the VOD?

Description

Time

  • Played on: July 2, 2026, 11:59 p.m.
  • Length: 10:16
Show
View Real Time Build Order
Export as new Build Order

Coil Zerg - Winner!

Build Orders: Hatch First 

Get SALT Encoding   

  8  0:03  Drone  
  9  0:10  Drone  
  10  0:16  Drone  
  11  0:29  Overlord  
  11  0:36  Extractor, Drone  
  12  0:55  Drone x3  
  15  1:06  Drone  
  16  1:20  Hatchery  
  16  1:24  Drone  
  16  1:27  Drone  
  17  1:35  Drone  
  18  1:43  Extractor  
  17  1:48  Spawning Pool  
  17  1:50  Drone  
  17  1:55  Drone  
  18  2:05  Drone  
  19  2:20  Overlord  
  19  2:27  Drone  
  20  2:35  Queen x2  
  24  2:39  Drone x2  
  26  2:51  Drone  
  27  2:52  Zergling x2  
  27  2:54  Metabolic Boost  
  28  3:00  Overlord  
  28  3:05  Drone x3  
  31  3:14  Overlord  
  31  3:26  Overlord  
  31  3:28  Drone  
  31  3:32  Drone  
  33  3:34  Drone  
  33  3:35  Drone  
  33  3:38  Hatchery  
  34  3:43  Queen  
  34  3:45  Drone  
  37  3:50  Drone  
  37  3:51  Drone x2  
  37  3:52  Drone  
  42  3:55  Drone  
  42  4:05  Drone x2  
  44  4:45  Queen  
  46  4:47  Spore Crawler, Queen  
  46  4:50  Spore Crawler  
  46  4:51  Overlord  
  46  4:54  Drone  
  46  4:55  Drone x5  
  46  4:56  Overlord  
  46  4:57  Overlord  
  51  5:37  Extractor  
  51  5:40  Extractor  
  51  5:41  Extractor  
  51  5:42  Drone  
  49  5:43  Drone x14  
  49  5:47  Lair  
  63  6:08  Extractor  
  63  6:09  Drone x5, Extractor  
  66  6:22  Drone  
  66  6:23  Drone x8  
  75  6:31  Overlord x3  
  75  6:51  Roach Warren  
  75  6:52  Evolution Chamber  
  73  6:55  Overlord  
  73  6:56  Overlord x5  
  73  7:03  Drone  
  73  7:05  Drone x5  
  73  7:06  Drone x5  
  84  7:37  Roach  
  84  7:38  Roach x15  
  84  7:42  Overlord  
  116  8:11  Roach x11  
  116  8:12  Roach x3  
  144  8:41  Roach x5  
  154  9:10  Overlord  
  154  9:11  Overlord x8  
Show
View Real Time Build Order
Export as new Build Order

A.I. 1 (Very Easy) Protoss 

Build Orders:  

Get SALT Encoding   

  8  0:00  Probe  
  9  0:13  Probe  
  10  0:25  Probe  
  11  0:37  Probe  
  12  0:47  Pylon  
  12  0:49  Probe  
  13  1:01  Probe  
  13  1:05  Assimilator  
  13  1:11  Gateway  
  14  1:16  Pylon  
  14  1:44  Probe  
  14  1:52  Probe  
  15  2:00  Probe  
  16  2:03  Cybernetics Core  
  17  2:08  Probe  
  18  2:17  Probe  
  19  2:29  Warp Gate, Probe  
  20  2:41  Stalker  
  22  4:22  Probe  
  22  4:51  Probe, Zealot  
  22  4:52  Assimilator  
  25  4:54  Robotics Facility  
  25  4:56  Pylon  
  25  5:03  Probe  
  26  5:12  Probe  
  26  5:20  Probe  
  28  5:29  Probe  
  28  5:30  Pylon  
  27  5:41  Observer, Probe  
  29  5:43  Stalker  
  31  5:59  Observer  
  32  6:36  Nexus  
  32  7:48  Probe  
  33  7:55  Probe  
  34  7:58  Assimilator  
  34  8:00  Assimilator, Probe  
  35  8:07  Probe  
  36  8:14  Probe  
  37  8:22  Probe  
  38  8:33  Probe  
  39  8:36  Probe  
  40  8:46  Stalker  
  40  8:47  Probe  
  43  8:50  Pylon  
  43  8:55  Probe  
  42  9:02  Probe  
  29  9:14  Probe  
  29  9:15  Zealot  
  31  9:18  Warp Prism  
  31  9:21  Gateway  
  31  9:23  Robotics Bay  
  31  9:26  Stargate, Probe  
  31  9:28  Pylon  
  28  9:34  Probe  
  28  9:39  Adept  
  28  9:42  Probe  
  28  9:52  Probe  
  24  10:03  Adept  
Tags
 
Matchup
PvZ
Spawn Locations
Cross Positions
Add a new tag
Caveats
  • Supply blocks, unpowered buildings, or Contaminate may cause inaccurate times.
  • Supply counts are checked every 10 seconds.